 Dungeon Crawl Stone Soup version 0.31.0-12-g77e489cdc1 (webtiles) character file.

Game seed: 11694436365101855520

1596 Bobsterar the Changeling (level 8, -6/54 HPs)
             Began as an Octopode Shapeshifter on Mar 7, 2024.
             Was a Believer of Wu Jian.
             Mangled by a vampire mosquito (7 damage)
             ... on level 6 of the Dungeon.
             The game lasted 00:14:05 (4987 turns).

Bobsterar the Changeling (Octopode Shapeshifter)    Turns: 4987, Time: 00:14:07

Health: -6/54      AC:  1    Str: 17    XL:     8   Next: 93%
Magic:  0/13       EV: 14    Int: 13    God:    Wu Jian [**....]
Gold:   227        SH:  0    Dex: 11    Spells: 14/14 levels left

rFire   . .          .
                       - Unarmed
rCold   + . .        (no shield)
rNeg    . . .        (helmet currently unavailable)
rPois   .            e - amulet of guardian spirit
rElec   +            m - ring "Soimmo Huca" {+Blink rElec rC+ Str+2}
rCorr   .            p - ring of willpower
SInv    .            (no ring)
Will    +....        (no ring)
Stlth   ++           (no ring)
HPRegen 0.29/turn    (no ring)
MPRegen 0.13/turn    (no ring)
                     (no ring)

%: guardian spirit
@: beast-form, on blink cooldown, invisible
A: beast (slay +3), almost no armour, amphibious, 8 rings, camouflage 1,
gelatinous body 1, (nimble swimmer 1), tentacles
a: Begin Untransformation, Renounce Religion, Evoke Blink, Wall Jump


You were on level 6 of the Dungeon.
You worshipped Wu Jian.
Wu Jian was pleased with you.
You were a hulking beast.
You visited 1 branch of the dungeon, and saw 6 of its levels.

You collected 227 gold pieces.

Inventory:

Hand Weapons
 x - a +4 quarterstaff of chaos
 y - the +7 hammer "Faoxka" {elec, Dex+3}
   (You found it on level 3 of the Dungeon)

   Dex+3:     It affects your dexterity (+3).
Missiles
 v - a throwing net (quivered)
Armour
 a - a +2 cloak
 o - a +0 robe
Jewellery
 e - an amulet of guardian spirit (around mantle)
 h - an amulet of the acrobat
 m - the ring "Soimmo Huca" (left tentacle) {+Blink rElec rC+ Str+2}
   (You found it on level 2 of the Dungeon)

   [ring of protection from cold]

   Str+2:     It affects your strength (+2).
   rC+:       It protects you from cold.
   rElec:     It insulates you from electricity.
   +Blink:    It lets you blink.
 p - a ring of willpower (right tentacle)
 t - an amulet of faith
Talismans
 b - a beast talisman (active)
 c - a flux talisman
Wands
 s - a wand of paralysis (14)
Scrolls
 d - 3 scrolls of teleportation
 f - 2 scrolls of amnesia
 n - 3 scrolls of brand weapon
 z - a scroll of vulnerability
 D - a scroll of acquirement {unknown}
Potions
 g - 2 potions of heal wounds {unknown}
 i - 4 potions of curing {unknown}
 j - 3 potions of enlightenment {unknown}
 k - a potion of berserk rage {unknown}
 l - 2 potions of attraction {unknown}
 q - 4 potions of brilliance {unknown}
 u - a potion of cancellation {unknown}
 w - a potion of degeneration {unknown}
 C - a potion of ambrosia {unknown}


   Skills:
 + Level 4.5 Fighting
 + Level 4.7 Dodging
 + Level 5.2 Unarmed Combat
 + Level 3.7 Spellcasting
 * Level 6.5 Shapeshifting


You had 14 spell levels left.
You didn't know any spells.
Your spell library contained the following spells:

 Spells                   Type           Power      Damage    Failure   Level
 Magic Dart               Conj           8%         1d3       22%         1
 Blink                    Tloc           4%         N/A       32%         2
 Call Imp                 Summ           4%         N/A       32%         2
 Lesser Beckoning         Tloc           4%         N/A       32%         2
 Momentum Strike          Conj/Tloc      4%         3d8       32%         2
 Tukima's Dance           Hex            2%         N/A       54%         3
 Dimensional Bullseye     Hex/Tloc       1%         N/A       91%         4
 Iskenderun's Mystic Bla  Conj/Tloc      2%         2d3       91%         4


Dungeon Overview and Level Annotations

Branches:
Dungeon (6/15)
 Temple: D:4-7

Altars:
Wu Jian


Innate Abilities, Weirdness & Mutations

You are a hulking beast.
Your limbs bulge with bestial killing power. (Slay +3)
You cannot wear most types of armour.
You are amphibious.
You can wear up to eight rings at the same time.
Your skin changes colour to match your surroundings (Stealth+).
Your rubbery body absorbs attacks. (AC +1, EV +1)
((You are camouflaged when in or above water. (Stealth+)))
You have tentacles for arms and can constrict up to eight enemies at once.


Message History

Your grab misses the vampire mosquito. You squeeze the vampire mosquito!
The vampire mosquito is severely damaged.
A vampire mosquito comes into view.
The vampire mosquito bites you!
The vampire mosquito draws strength from your injuries!
The vampire mosquito barely misses you.
The vampire mosquito moves out of view.
You bludgeon the vampire mosquito! Your grab misses the vampire mosquito.
The vampire mosquito is severely damaged.
The vampire mosquito bites you!
The vampire mosquito draws strength from your injuries!
The vampire mosquito misses you.
A hound comes into view.
The vampire mosquito bites you.
The vampire mosquito draws strength from your injuries!
The vampire mosquito misses you.
The hound moves out of view.
There is nothing to wall jump against here.
You blink.
You bludgeon the vampire mosquito! Your grab misses the vampire mosquito.
You squeeze the vampire mosquito.
The vampire mosquito is heavily damaged.
The vampire mosquito misses you. The vampire mosquito bites you.
The vampire mosquito draws strength from your injuries!
The vampire mosquito misses you.
You barely miss the vampire mosquito. Your grab misses the vampire mosquito.
The vampire mosquito is heavily damaged.
The vampire mosquito bites you!
The vampire mosquito draws strength from your injuries!
The vampire mosquito bites you!
* * * LOW HITPOINT WARNING * * *
The vampire mosquito draws strength from your injuries!
The vampire mosquito bites you!
* * * LOW HITPOINT WARNING * * *
The vampire mosquito draws strength from your injuries!
Okay, then.
You fade into invisibility!
The vampire mosquito misses you. The vampire mosquito bites you!
* * * LOW HITPOINT WARNING * * *
The vampire mosquito draws strength from your injuries!
The vampire mosquito bites you!
You die...

####......#...........#
#.# #......#.#.#.#..#.##
#.# .... #.#.#.#..#.#
#.#
.....#.#.#.#..#.####.#
...#.#.#...........#
.........##.##.###
.##.##.#.######.##.#
................##.#
...###.#.#h####.##.#####
#.....yy# #........#
###.#...# ##########
+....>.# ##.#..## #.#..#
#.#..# ... ....


You could see 2 vampire mosquitoes.

Vanquished Creatures
  A steam dragon (D:6)
  3 black bears (D:5)
  2 ogres
  2 phantoms
  A scorpion (D:5)
  A bullfrog (D:5)
  A howler monkey (D:6)
  2 bombardier beetles (D:4)
  Crazy Yiuf (D:3)
  3 orc priests
  A hound (D:5)
  A gnoll bouda (D:4)
  A sleepcap (D:5)
  4 iguanas
  4 orc wizards
  12 adders
  3 gnolls (D:4)
  A shadow imp (D:5)
  A white imp (D:6)
  3 dart slugs
  2 ribbon worms
  16 orcs
  5 ball pythons
  2 bats (D:3)
  6 endoplasms
  3 giant cockroaches
  11 goblins
  5 hobgoblins
  7 quokkas
  5 frilled lizards
  6 kobolds
  8 rats
124 creatures vanquished.

Notes
Turn   | Place    | Note
-------+----------+-------------------------------------------
     0 | D:1      | Bobsterar the Octopode Shapeshifter began the quest for the
                  | Orb.
     0 | D:1      | Reached XP level 1. HP: 13/13 MP: 1/1
   191 | D:1      | Reached XP level 2. HP: 18/18 MP: 2/2
   431 | D:1      | Reached XP level 3. HP: 22/23 MP: 3/3
  1075 | D:2      | Identified the ring "Soimmo Huca" {+Blink rElec rC+ Str+2}
  1176 | D:2      | Reached skill level 1 in Spellcasting
  1293 | D:2      | Reached XP level 4. HP: 29/29 MP: 5/5
  2603 | D:3      | Found a runed translucent door.
  2604 | D:3      | Noticed Crazy Yiuf
  2626 | D:3      | Killed Crazy Yiuf
  2627 | D:3      | Reached XP level 5. HP: 33/34 MP: 3/7
  2679 | D:3      | Identified the +7 hammer "Faoxka" {elec, Dex+3}
  2803 | D:4      | Reached skill level 4 in Shapeshifting
  2818 | D:4      | Found an ornate altar of the Wu Jian Council.
  2836 | D:4      | Became a worshipper of the Wu Jian Council
  2941 | D:4      | Reached XP level 6. HP: 34/41 MP: 8/8
  3194 | D:4      | Reached XP level 7. HP: 38/46 MP: 10/10
  3420 | D:5      | Entered Level 5 of the Dungeon
  3432 | D:5      | Reached skill level 5 in Shapeshifting
  3586 | D:5      | Reached * piety under Wu Jian
  3871 | D:5      | Reached XP level 8. HP: 18/54 MP: 12/12
  4337 | D:5      | Reached skill level 6 in Shapeshifting
  4641 | D:6      | Reached skill level 5 in Unarmed Combat
  4872 | D:6      | Reached ** piety under Wu Jian
  4987 | D:6      | HP: 1/54 [vampire mosquito (5)]
  4987 | D:6      | Mangled by a vampire mosquito

Illustrated notes

Levels and vault maps discovered:
D:1:      mushboom_english_gardens, layout_loops_corners,
          dreamdust_princess_corridor, minivault_19, corexii_leaking_fountain
D:2:      minmay_skewed_foursquare, layout_loops_cross
D:3:      layout_loops_ring, uniq_crazy_yiuf_cottage
D:4:      layout_basic, nzn_wu_jian_council_hall
D:5:      layout_rooms, st_stairs_3, chequers_serial_rivers_micro_d
D:6:      layout_basic, chei_slow_surprise, temple_hall, minmay_microvault,
          uniq_eustachio, uniq_grinder

Skill      XL: |  1  2  3  4  5  6  7  8 |
---------------+-------------------------+-----
Spellcasting   | 1 2 3 |  3.7
Fighting       | 2 3 4 |  4.5
Shapeshifting  | 4 5 6 |  6.5
Dodging        | 3 4 |  4.7
Unarmed Combat | 4 5 |  5.2

Action                     |  1- 3 |  4- 6 |  7- 9 || total
---------------------------+-------+-------+-------++-------
  Melee: Unarmed           |    68 |    82 |   122 ||   272
         Constrict         |    15 |    18 |    29 ||    62
         Tentacles         |    10 |    20 |    32 ||    62
         Punch             |     2 |       |     1 ||     3
Ability: Lunge             |       |     3 |     8 ||    11
         Whirlwind         |       |       |    20 ||    20
         Evoke Blink       |       |       |     1 ||     1
  Evoke: Wand              |       |       |     6 ||     6
    Use: Scroll            |       |     8 |     4 ||    12
         Potion            |       |     1 |     2 ||     3
   Stab: Sleeping          |     9 |     5 |       ||    14
 Armour: Skin              |    21 |    23 |    76 ||   120
  Dodge: Dodged            |    35 |    48 |    59 ||   142
   Form: Beast             |     1 |       |       ||     1
